 Dungeon Crawl Stone Soup version 0.29.1-1-gd02db6906a (webtiles) character file.

Game seed: 9994983575408640337

2280 Icepheonix32 the Poker (level 9, -5/68 (76) HPs)
             Began as a Merfolk Transmuter on Oct 5, 2022.
             Was a Believer of Jiyva.
             Slain by a wight
             ... wielding a +0 great sword
              (18 damage)
             ... on level 6 of the Dungeon.
             The game lasted 00:12:27 (5712 turns).

Icepheonix32 the Poker (Merfolk Transmuter)         Turns: 5712, Time: 00:12:27

HP:   -5/68 (76)    AC:  8    Str: 14    XL:     9   Next: 39%
MP:   12/12         EV: 12    Int: 21    God:    Jiyva [**....]
Gold: 669           SH:  0    Dex: 13    Spells: 6/13 levels left

rFire   x . .      SeeInvis +     - Unarmed
rCold   + + +      Faith    .   (shield currently unavailable)
rNeg    . . .      Spirit   .   (body armour currently unavailable)
rPois   +          Reflect  .   (helmet currently unavailable)
rElec   .          Harm     .   (cloak currently unavailable)
rCorr   +          Rampage  .   (gloves currently unavailable)
Will    .....                   (boots currently unavailable)
Stlth   ++++......              (no amulet)
HPRegen 1.97/turn               m - ring "Gurioriss" {Int+5 SInv Stlth+}
MPRegen 0.43/turn               (no ring)

@: ice-form, heavily drained
A: freezing attack, boosted hp, large, (nimble swimmer 2), (mertail),
(iridescent scales 1), deterioration 1, regeneration 1, strong 1
a: End Transformation, Renounce Religion


You were on level 6 of the Dungeon.
You worshipped Jiyva.
Jiyva was pleased with you.
You were a creature of crystalline ice.
You visited 2 branches of the dungeon, and saw 7 of its levels.
You also visited: Sewer and Ossuary.

You collected 669 gold pieces.

Inventory:

Hand Weapons
 g - a +0 spear
 i - the +9 spear of Buimm (melded) {vamp, Int+4}
   (You found it on level 2 of the Dungeon)

   It occasionally heals its wielder for a portion of the damage dealt when it
   wounds a living foe.
   Int:       It affects your intelligence (+4).
Missiles
 n - 11 boomerangs
Armour
 a - a +0 robe (melded)
 b - a +0 cloak (melded)
 j - a +2 hat (melded)
 o - a +0 pair of boots (melded)
 u - a +0 pair of boots
 x - the +10 plate armour of Fortitude {Will+ rCorr Str+4}
   (You found it on level 6 of the Dungeon)

   Str:       It affects your strength (+4).
   rCorr:     It protects you from acid and corrosion.
   Will:      It increases your willpower.
Jewellery
 m - the ring "Gurioriss" (left front paw) {Int+5 SInv Stlth+}
   (You acquired it on level 3 of the Dungeon)

   [ring of see invisible]

   Int:       It affects your intelligence (+5).
   SInv:      It lets you see invisible.
   Stlth:     It makes you more stealthy.
Wands
 y - a wand of paralysis (8)
Scrolls
 d - 6 scrolls of identify
 e - 5 scrolls of enchant weapon
 k - a scroll of immolation
 l - a scroll of vulnerability
 r - a scroll of summoning {unknown}
 s - 2 scrolls of magic mapping {unknown}
 t - a scroll of fear {unknown}
Potions
 c - 5 potions of heal wounds
 f - a potion of mutation
 h - 3 potions of curing
 p - a potion of magic {unknown}
 q - a potion of invisibility {unknown}
 v - a potion of ambrosia {unknown}
 w - a potion of resistance {unknown}
 z - a potion of degeneration {unknown}
 A - a potion of lignification


   Skills:
 + Level 3.2 Fighting
 + Level 7.3 Polearms
 * Level 7.1 Dodging
 + Level 4.7 Stealth
 * Level 6.3 Unarmed Combat
 + Level 2.5 Spellcasting
 * Level 6.2 Transmutations
 * Level 4.3 Ice Magic


You had 6 spell levels left.
You knew the following spells:

 Your Spells              Type           Power      Damage    Failure   Level
a - Beastly Appendage     Tmut           58%        N/A       1%          1
b - Wereblood             Tmut           29%        N/A       1%          2
c - Ice Form              Ice/Tmut       25%        N/A       16%         4

Your spell library contained the following spells:

 Spells                   Type           Power      Damage    Failure   Level
 Spider Form              Tmut/Pois      15%        N/A       12%         3
 Apportation              Tloc           4%         N/A       14%         1
 Foxfire                  Conj/Fire      8%         2x1d4     14%         1
 Necrotise                Necr           8%         1d4       14%         1
 Summon Small Mammal      Summ           8%         N/A       14%         1
 Poisonous Vapours        Pois/Air       4%         N/A       22%         2
 Conjure Flame            Conj/Fire      2%         6-21      38%         3
 Inner Flame              Hex/Fire       2%         N/A       38%         3
 Corpse Rot               Necr/Pois/Air  2%         N/A       80%         4
 Flame Wave               Conj/Fire      2%         2d4       80%         4


Dungeon Overview and Level Annotations

Branches:
Dungeon (6/15)             Temple (1/1) D:5           Sewer (visited)
Ossuary (visited)

Altars:
Ashenzari
Cheibriados
Dithmenos
Elyvilon
Fedhas
Gozag
Hepliaklqana
Makhleb
Nemelex Xobeh
Qazlal
Ru
Trog
Uskayaw
Vehumet
Wu Jian
Xom
Yredelemnul
Zin
The Shining One
Jiyva

Shops:
D:4 *

Annotations:
D:1 2 runed translucent doors


Innate Abilities, Weirdness & Mutations

You are a creature of crystalline ice.
You have a powerful freezing melee attack.
Your maximum health is increased.
Your armour is entirely melded.
You are incapable of wielding weapons or throwing items.
((You are very nimble when in or above water. (Stealth+, EV+, Speed+++)))
((Your lower body shifts to a powerful aquatic tail in water.))
((You are partially covered in iridescent scales. (AC +2)))
Your body sometimes deteriorates upon taking damage.
Your natural rate of healing is unusually fast.
Your muscles are strong. (Str +4, Int/Dex -1)


Message History

You are too injured to fight recklessly!
You hit the wight.
The wight is almost destroyed.
The wight misses you. x2
Unknown command.
You punch the wight!
You destroy the wight!
The wight hits you with a +1 battleaxe!
Unknown command.
You pummel the wight!!
You destroy the wight!
Your Dodging skill increases to level 7!
A wight comes into view. It is wielding a +5 dagger.
You hear a distant slurping noise. x3
You punch the wight!
The wight is heavily damaged.
The wight hits you with a +5 dagger.
You feel drained.
You barely miss the wight.
The wight is heavily damaged.
The wight hits you with a +5 dagger.
* * * LOW HITPOINT WARNING * * *
You hear a distant slurping noise.
You barely miss the wight.
The wight is heavily damaged.
The wight hits you with a +5 dagger.
* * * LOW HITPOINT WARNING * * *
Unknown command.
You hit the wight.
The wight is almost destroyed.
The wight closely misses you.
The wight hits you with a +0 great sword!
* * * LOW HITPOINT WARNING * * *
You feel drained.
Unknown command.
You feel better. The wight hits you with a +5 dagger.
* * * LOW HITPOINT WARNING * * *
You feel drained.
* * * LOW HITPOINT WARNING * * *
The wight hits you with a +0 great sword!!
You die...

######## #......#
####### ## #......#
#...##.
..##......#####...##.
............'...'#.
#####zz....#####...##.
#...)Y.....# #....#.
#..........#####......
.................'...'#.
.##......######.##...##.
######## #.#######. #.#
#. #.# #. #.# ## ...


You could see 2 wights.

Vanquished Creatures
  Pikel (D:5)
  Sigmund (D:2)
  2 steam dragons
  Menkaure (D:5)
  A centaur (D:6)
  2 lemures (D:5)
  2 phantoms (D:5)
  An elf zombie (Ossuary)
  2 necrophages
  A scorpion (D:5)
  4 wights (D:6)
  2 jellies (Sewer)
  A centaur zombie (Ossuary)
  3 human zombies (Ossuary)
  Crazy Yiuf (D:2)
  Jessica (D:2)
  2 orc wizards (D:6)
  2 iguanas
  A hound zombie (Ossuary)
  3 mummies (Ossuary)
  3 river rats
  9 adders
  4 adder zombies (Ossuary)
  A worm (D:2)
  A dart slug (D:1)
  12 orcs
  14 endoplasms
  8 giant cockroaches
  7 hobgoblins
  2 jackals (D:4)
  4 quokkas
  10 ball pythons
  5 bats
  8 frilled lizards
  A gnoll zombie (Ossuary)
  10 goblins
  2 goblin zombies (Ossuary)
  4 hobgoblin zombies (Ossuary)
  6 jackal zombies (Ossuary)
  10 kobolds
  A kobold zombie (Ossuary)
  An orc zombie (Ossuary)
  A quokka zombie (Ossuary)
  12 rats
  3 rat zombies (Ossuary)
173 creatures vanquished.

Vanquished Creatures (others)
  4 jellies
  An adder (D:4)
  An adder zombie (Ossuary)
  An endoplasm (D:4)
  A giant cockroach (D:4)
  A goblin (D:4)
  A hobgoblin (D:4)
  2 jackal zombies (Ossuary)
  An orc zombie (Ossuary)
  A quokka zombie (Ossuary)
  A plant (D:2)
15 creatures vanquished.

Grand Total: 188 creatures vanquished

Notes
Turn   | Place    | Note
-------+----------+-------------------------------------------
     0 | D:1      | Icepheonix32 the Merfolk Transmuter began the quest for the
                  | Orb.
     0 | D:1      | Reached XP level 1. HP: 15/15 MP: 3/3
    47 | D:1      | Found a large runed translucent door.
    47 | D:1      | Found a large runed translucent door.
    48 | D:1      | Noticed a jelly
   145 | D:1      | Noticed a jelly
   147 | D:1      | Found a viscous altar of Jiyva.
   147 | D:1      | Noticed a jelly
   147 | D:1      | Noticed a jelly
   148 | D:1      | Noticed a jelly
   148 | D:1      | Noticed a jelly
   148 | D:1      | Noticed a jelly
   148 | D:1      | Noticed a jelly
   151 | D:1      | Noticed a jelly
   201 | D:1      | You fall into a shaft and drop 1 floor!
   315 | D:2      | Reached XP level 2. HP: 10/21 MP: 3/5
   483 | D:2      | Identified the +9 spear of Buimm {vamp, Int+4}
   493 | D:2      | Learned a level 2 spell: Wereblood
   501 | D:2      | Noticed Sigmund
   931 | D:1      | Found a faded altar of an unknown god.
   973 | D:1      | Reached XP level 3. HP: 26/26 MP: 6/6
  1855 | D:2      | Noticed Jessica
  1860 | D:2      | Killed Jessica
  1861 | D:2      | Reached skill level 1 in Polearms
  1861 | D:2      | Reached XP level 4. HP: 23/32 MP: 7/7
  1867 | D:2      | Learned a level 4 spell: Ice Form
  2020 | D:2      | Gained mutation: You have a pair of small horns on your
                  | head. [potion of mutation]
  2020 | D:2      | Gained mutation: Your spells are a little easier to cast,
                  | but a little less powerful. [potion of mutation]
  2033 | D:2      | Killed Sigmund
  2034 | D:2      | Reached skill level 1 in Stealth
  2034 | D:2      | Reached skill level 1 in Ice Magic
  2034 | D:2      | Reached XP level 5. HP: 31/37 MP: 8/8
  2034 | D:2      | Reached XP level 6. HP: 37/43 MP: 9/9
  2205 | D:2      | Found a runed translucent door.
  2206 | D:2      | Noticed Crazy Yiuf
  2214 | D:2      | Killed Crazy Yiuf
  2871 | D:3      | Identified a scroll of acquirement
  2873 | D:3      | Acquired the ring "Gurioriss" {Int+5 SInv Stlth+}
  2915 | D:4      | Acquired 299 gold pieces
  2928 | D:4      | Found Amohe Beitt's General Store.
  3071 | D:4      | Found a glowing drain.
  3084 | Sewer    | Entered a sewer
  3204 | Sewer    | Found a viscous altar of Jiyva.
  3212 | Sewer    | Reached XP level 7. HP: 45/49 MP: 10/10
  3228 | Sewer    | Became a worshipper of Jiyva Jadoogge the Shapeless
  3401 | D:4      | Found a sand-covered staircase.
  3406 | Ossuary  | Entered an ossuary
  3758 | Ossuary  | Reached skill level 5 in Unarmed Combat
  3852 | D:4      | Lost mutation: Your spells are a little easier to cast, but
                  | a little less powerful. [potion of mutation]
  3852 | D:4      | Lost mutation: You have a pair of small horns on your head.
                  | [potion of mutation]
  3852 | D:4      | Gained mutation: You have hidden genetic potential. [potion
                  | of mutation]
  3852 | D:4      | Gained mutation: You are partially covered in iridescent
                  | scales. (AC +2) [potion of mutation]
  3852 | D:4      | Gained mutation: Your body sometimes deteriorates upon
                  | taking damage. [potion of mutation]
  4049 | D:4      | Reached skill level 5 in Dodging
  4175 | D:5      | Entered Level 5 of the Dungeon
  4175 | D:5      | Found a staircase to the Ecumenical Temple.
  4186 | Temple   | Entered the Ecumenical Temple
  4421 | D:5      | Noticed Menkaure
  4429 | D:5      | Killed Menkaure
  4430 | D:5      | Reached skill level 5 in Polearms
  4436 | D:5      | Reached * piety under Jiyva
  4491 | D:5      | Reached XP level 8. HP: 56/56 MP: 11/11
  4498 | D:5      | Reached skill level 5 in Transmutations
  4657 | D:5      | Noticed Pikel
  4665 | D:5      | Killed Pikel
  4679 | D:5      | Gained mutation: Your natural rate of healing is unusually
                  | fast. [hidden potential]
  5027 | D:5      | Reached ** piety under Jiyva
  5107 | D:5      | Reached XP level 9. HP: 62/62 MP: 12/12
  5294 | D:6      | Identified the +10 plate armour of Fortitude {Will+ rCorr
                  | Str+4}
  5375 | D:6      | Found a sacrificial altar of Ru.
  5546 | D:6      | Gained mutation: Your muscles are strong. (Str +4, Int/Dex
                  | -1) [hidden potential]
  5546 | D:6      | Lost mutation: You have hidden genetic potential. [hidden
                  | potential expressed]
  5712 | D:6      | Slain by a wight

Illustrated notes

Levels and vault maps discovered:
D:1:      erik_arrival_cave_to_civilisation [erik_arrival_cave_to_temple],
          layout_basic, dreamdust_ecumenical_altar_grove, minmay_misc_feat_five
D:2:      layout_rooms, st_stairs_4, serial_bayou_pond_e, minmay_pentomino_q2,
          uniq_jessica, uniq_crazy_yiuf_cottage, uniq_sigmund
D:3:      layout_loops_cross, minivault_11
D:4:      layout_rooms, enter_ossuary_2, gup_sewer_entry_bubbles, serial_shops,
          nicolae_shop_waterfront, minmay_bisected
D:5:      layout_basic, temple_statues, serial_glass, glass_columns_b,
          glass_columns_b, uniq_menkaure, uniq_pikel
D:6:      minmay_spotlight, layout_basic, nicolae_ru_sacrificial_ziggurat,
          dk_noncrumbling_3, minivault_22, minmay_misc_feat_tiny
Temple:   mainiacjoe_temple_bowtie_tessellation

Skill      XL: |  1  2  3  4  5  6  7  8  9 |
---------------+----------------------------+-----
Transmutations | 3 4 6 |  6.2
Dodging        | 3 4 5 6 7 |  7.1
Unarmed Combat | 4 5 6 |  6.3
Polearms       | 1 2 3 5 6 7 |  7.3
Stealth        | 1 2 3 4 |  4.7
Ice Magic      | 1 2 3 4 |  4.3
Fighting       | 2 3 |  3.2
Spellcasting   | |  2.5

Action                   |  1- 3 |  4- 6 |  7- 9 || total
-------------------------+-------+-------+-------++-------
Melee: Unarmed           |    38 |       |    24 ||    62
       Headbutt          |     4 |    13 |    24 ||    41
       Spear             |    49 |   102 |   240 ||   391
       Tailslap          |       |     2 |       ||     2
       Punch             |       |     1 |     4 ||     5
 Cast: Beastly Appendage |     6 |     1 |       ||     7
       Ice Form          |       |       |     3 ||     3
       Wereblood         |       |       |     1 ||     1
  Use: Scroll            |     4 |     6 |       ||    10
       Potion            |       |     4 |     2 ||     6
 Stab: Sleeping          |     1 |    12 |    13 ||    26
       Invisible         |       |     1 |       ||     1
       Distracted        |       |       |     1 ||     1
Armor: Robe              |    22 |    10 |    33 ||    65
       Skin              |       |    22 |     9 ||    31
Dodge: Dodged            |    68 |    27 |   111 ||   206
